 Dungeon Crawl Stone Soup version 0.30-a0-845-g7c6808c8ce (webtiles) character file.

Game seed: 8780919781850916014

5 Duck the Stinger (level 1, 0/13 HPs)
             Began as a Formicid Venom Mage on Mar 3, 2023.
             Slain by a hobgoblin (4 damage)
             ... on level 1 of the Dungeon.
             The game lasted 00:04:09 (108 turns).

Duck the Stinger (Formicid Venom Mage)               Turns: 108, Time: 00:04:10

Health: 0/13       AC:  2    Str: 12    XL:     1   Next: 88%
Magic:  0/3        EV: 12    Int: 14    God:
Gold:   25         SH:  0    Dex: 14    Spells: 3/4 levels left

rFire   . . .      SeeInvis +    (no weapon)
rCold   . . .      Faith    .    (no shield)
rNeg    . . .      Spirit   .    a - +0 robe
rPois   .          Reflect  .    (helmet unavailable)
rElec   .          Rampage  .    (no cloak)
rCorr   .                        (no gloves)
Will    .....                    (no boots)
Stlth   ++                       (no amulet)
HPRegen 0.22/turn                (no ring)
MPRegen 0.08/turn                (no ring)

@: no status effects
A: permanent stasis, dig shafts and tunnels, antennae 3, four strong arms
a: Dig, Shaft Self


You were on level 1 of the Dungeon.
You visited 1 branch of the dungeon, and saw 1 of its levels.

You collected 25 gold pieces.

Inventory:

Armour
 a - a +0 robe (worn)
Scrolls
 c - 2 scrolls of identify {unknown}
 d - a scroll of magic mapping {unknown}
Potions
 b - a potion of magic


   Skills:
 + Level 0.2 Fighting
 - Level 1.8 Dodging
 - Level 2.4 Stealth
 * Level 2.3 Spellcasting
 - Level 1.1 Transmutations
 * Level 4.2 Poison Magic


You had 3 spell levels left.
You knew the following spells:

 Your Spells              Type           Power      Damage    Failure   Level
a - Sting                 Tmut/Pois      36%        1d4       8%          1

Your spell library contained the following spells:

 Spells                   Type           Power      Damage    Failure   Level
 Poisonous Vapours        Pois/Air       14%        N/A       14%         2
 Mephitic Cloud           Conj/Pois/Air  5%         N/A       36%         3
 Olgreb's Toxic Radiance  Pois           13%        N/A       38%         4


Dungeon Overview and Level Annotations

Branches:
Dungeon (1/15)

Altars:


Innate Abilities, Weirdness & Mutations

You cannot be hasted, slowed, berserked, paralysed or teleported.
You can dig through walls and to a lower floor.
You have a pair of large antennae on your head. (SInv)
Your four strong arms can wield two-handed weapons with a shield.


Message History

A giant cockroach comes into view.
There is an open door here.
A hobgoblin comes into view.
Found a spear.
Aiming: Sting (safe; 8% risk of failure)
Press: ? - help, Q - select action, (/) - cycle Shift-Dir - straight line, f - giant cockroach
Aim: a giant cockroach (asleep, 100% to hit)
The sting hits the giant cockroach.
The giant cockroach is poisoned.
The giant cockroach is moderately wounded.
You hit the giant cockroach but do no damage.
The giant cockroach is severely wounded.
You kill the giant cockroach!
A dart slug and a hobgoblin come into view.
You see here a giant cockroach corpse.
Aiming: Sting (safe; 8% risk of failure)
Press: ? - help, Q - select action, (/) - cycle Shift-Dir - straight line, f - hobgoblin
Aim: a hobgoblin (68% to hit)
The sting hits the hobgoblin.
The hobgoblin is poisoned.
The hobgoblin is heavily wounded.
You hit the hobgoblin.
You kill the hobgoblin!
Aiming: Sting (safe; 8% risk of failure)
Press: ? - help, Q - select action, (/) - cycle Shift-Dir - straight line, f - hobgoblin
Aim: a hobgoblin (68% to hit)
The sting misses the hobgoblin.
You closely miss the hobgoblin. The hobgoblin hits you.
You closely miss the hobgoblin. The hobgoblin hits you.
You barely miss the hobgoblin. The hobgoblin hits you.
There is an open door here.
The hobgoblin attacks as you move away! The hobgoblin hits you.
You hit the hobgoblin.
The hobgoblin is moderately wounded.
The hobgoblin completely misses you.
Aiming: Sting (safe; 8% risk of failure)
Press: ? - help, Q - select action, (/) - cycle Shift-Dir - straight line, f/p - hobgoblin
Aim: a hobgoblin (moderately wounded, 68% to hit)
The sting hits the hobgoblin.
The hobgoblin is poisoned.
The hobgoblin is almost dead.
The hobgoblin hits you.
You die...

+....+
############..).######
.............'........>##
#.####.##.####......#...
#..........##........#.##
#.........##...........
#.........##.........###
#.......................
####..@..##........#### #
#####g...#####.#.......
#.#†..w....+.....#.#.####
#...###....#####.........
#.......##....# #.#.##.#..
#.......##....#####.#.##.#
.
#.......##............##.#
#......w.#####.##..#####.#
#.)......# .#.........#


You could see a dart slug and a hobgoblin (poisoned).

Vanquished Creatures
  2 giant cockroaches (D:1)
  A hobgoblin (D:1)
  A kobold (D:1)
4 creatures vanquished.

Notes
Turn   | Place    | Note
-------+----------+-------------------------------------------
     0 | D:1      | Duck the Formicid Venom Mage began the quest for the Orb.
     0 | D:1      | Reached XP level 1. HP: 13/13 MP: 3/3
   108 | D:1      | Slain by a hobgoblin

Illustrated notes

Levels and vault maps discovered:
D:1:      minmay_arrival_diagonal_passages, layout_basic,
          kennysheep_another_room, minmay_door_square, minivault_23,
          minmay_pentomino_r4

Action                     || total
---------------------------++-------
  Melee: Unarmed           ||     7
   Cast: Sting             ||     6
  Dodge: Dodged            ||     1

Table legend: (Time is in decaauts)
 A = Elapsed time spent in this place.
 B = Non-inter-level travel time spent in this place.
 C = Inter-level travel time spent in this place.
 D = Time resting spent in this place.
 E = Time spent auto-exploring this place.
 F = Levels seen in this place.
 G = Mean time per level.
                   A        B        C        D        E       F      G
               +--------+--------+--------+--------+--------+-----+--------+
         Total |    108 |    108 |      0 |      0 |     71 |   1 |  108.0 |
       Dungeon |    108 |    108 |      0 |      0 |     71 |   1 |  108.0 |
               +--------+--------+--------+--------+--------+-----+--------+

Top non-repeatable levels by time:
     D:1: 108 daAuts
